AoeStats
← TIMVP

Arena

508858133Analyzed
1v1 RM · 8d ago on Sep 24, 2026· 48m 37s· 2 players
Game mode
Random Map
Map size
Tiny (2 player)
Population
200
Speed
Normal
Resources
Standard
Victory
Conquest
Starting age
Dark Age
Ending age
Imperial Age
RankedLock teamsTeams togetherTeam positionsShared explorationLock speedFull tech treeHidden civsTurbo modeCheats
Victory
Defeat
🇵🇱 Teutons · Poland
525
+17
🇵🇪 Romans · Peru
536
-17
mjarzyna313
12:55 Feudal Age
13:25 Horse Collar
13:39 Double-Bit Axe
16:43 Man-at-Arms
17:08 Arson
21:41 Castle Age
21:28 Wheelbarrow
21:11 Bloodlines
21:13 Forging
21:44 Scale Mail Armor
21:41 Gold Mining
21:45 Stone Mining
22:17 Scale Barding Armor
23:38 Wheelbarrow
23:18 Heavy Plow
24:49 Town Watch
26:02 Bow Saw
27:59 Squires
34:35 Imperial Age
34:13 Iron Casting
34:24 Chain Mail Armor
34:43 Chain Barding Armor
36:02 Hand Cart
36:01 Town Patrol
36:31 Conscription
37:19 Blast Furnace
35:45 Cavalier
37:31 Sanctity
38:47 Fervor
41:32 Paladin
42:43 Elite Teutonic Knight
45:08 Hoardings
44:57 Fortified Wall
44:37 Heated Shot
44:58 Masonry
44:54 Siege Engineers
47:37 Two-Man Saw
TIMVP
5:56 Loom
12:08 Feudal Age
12:39 Double-Bit Axe
13:43 Wheelbarrow
17:34 Stone Mining
21:26 Castle Age
19:26 Horse Collar
23:05 Man-at-Arms
25:04 Heavy Plow
30:08 Hand Cart
35:15 Imperial Age
34:28 Gold Mining
34:26 Long Swordsman
34:56 Pikeman
35:38 Scale Mail Armor
35:51 Squires
36:48 Halberdier
38:27 Chain Mail Armor
38:23 Forging
39:10 Legionary
41:08 Scale Barding Armor
41:39 Iron Casting
41:46 Heavy Scorpion
46:13 Ballistics
46:05 Masonry
46:59 Chemistry
47:13 Ballistas
48:55 Blast Furnace
Connection lost

Rejoining the realm…

Still unreachable

The connection could not be restored.

Session expired

The server has moved on; the page needs a fresh start.